[Event "8th Montevideo Open 2025"]
[Site "Montevideo"]
[Date "2025.02.06"]
[Round "6.8"]
[White "Roselli Mailhe, Bernardo"]
[Black "Milat, Marcel"]
[Result "1/2-1/2"]
[Annotator "TA"]
[ECO "D91"]
[WhiteElo "2342"]
[BlackElo "2190"]
[PlyCount "97"]
[EventDate "2025.02.01"]
[EventType "swiss"]
[EventCountry "URU"]
[SourceTitle "playchess.com"]
[Source "ChessBase"]
[SourceQuality "1"]
[TimeControl "5400+30"]

1. d4 Nf6 2. c4 g6 3. Nc3 d5 4. Bg5 Ne4 5. Bh4 Nxc3 6. bxc3 dxc4 7. e3 Be6 8. Nf3 {[%emt 0:00:24] 8.Be2 is not played anymore.} Bg7 9. Qb1 c5 {[%emt 0:19:27] D91: Grünfeld: 4 Nf3 Bg7 5 Bg5.} 10. Qxb7 Bd5 11. Qb5+ {[%emt 0:04:33] A sharp opening} Nd7 $1 {[%emt 0:00:07][%cal Bb8d7,Bd7b6,Bb6c4][%mdl 32] White is slightly better.} 12. Bxc4 {[%emt 0:02:21] White has more active pieces.} (12. dxc5 $2 Bxc3+ 13. Nd2 Rb8 $19 (13... Bxa1 $2 14. Bxc4 Rb8 15. Qa4 $19)) 12... Rb8 13. Qa4 Bxc4 14. Qxc4 cxd4 15. exd4 Nb6 16. Qd3 $146 (16. Qb5+ Qd7 17. Rb1 Qxb5 18. Rxb5 Kd7 19. Bg3 Rbc8 20. Kd2 Rc4 21. Kd3 Ra4 22. Ra1 {1-0 Bekturov,T (2297)-Vestby Ellingsen,M (2410) Wch U16 Porto Carras 2018 (6)}) 16... O-O 17. c4 {[%emt 0:03:39] Prevents Qd5.} Rc8 18. Rc1 $1 ({But not} 18. c5 Rxc5 19. O-O Rc7 $11) 18... Qd5 $1 19. O-O Nxc4 20. Bxe7 Rfe8 21. Bg5 h6 $132 {[%emt 0:08:00][%mdl 2048] Black is not keeping still} 22. Bd2 Nxd2 23. Qxd2 Red8 24. h3 Kh7 25. Rfd1 Bf8 26. Rxc8 Rxc8 27. Ne5 Bg7 28. Ng4 Rd8 29. Qe2 Qe6 (29... Bxd4 30. Nf6+ Bxf6 31. Rxd5 Rxd5 32. g3) 30. Qb2 Qc4 31. Ne3 {[%emt 0:05:55] [#]} Rxd4 32. Rxd4 (32. Qxd4 Qxd4) 32... Qxd4 $11 {[%emt 0:00:10][%mdl 4096] Endgame KQB-KQN} 33. Qb3 Qd7 34. Qc4 h5 35. g4 hxg4 36. hxg4 Bd4 37. Qd3 Kg7 38. Kg2 Qc6+ 39. Kg3 Qc7+ 40. f4 (40. Kf3 {feels hotter.} Qc5 41. Qe4 Qd6 42. Nd5) 40... Bxe3 41. Qxe3 {[%emt 0:00:05] KQ-KQ. The position is equal.} Qd7 42. Qc3+ Kg8 43. a3 Qd1 44. Qc5 Qd3+ 45. Kg2 Qe2+ 46. Kg3 Qe1+ 47. Kg2 Qe2+ 48. Kg3 Qe1+ 49. Kg2 {[%emt 0:01:43] Weighted Error Value: White=0.07 (flawless) /Black=0.05 (flawless)   Inaccurate:     	White=2     	Black=1      OK:         	White=14    	Black=19     Best:        	White=2     	Black=2      Strong:       	White=1     	Black=2} 1/2-1/2

[Event "8th Montevideo Open 2025"]
[Site "Montevideo"]
[Date "2025.02.06"]
[Round "6.9"]
[White "Carbone, Diego"]
[Black "Izquierdo, Daniel"]
[Result "1-0"]
[Annotator "TA"]
[ECO "E62"]
[WhiteElo "2216"]
[BlackElo "2069"]
[PlyCount "99"]
[EventDate "2025.02.01"]
[EventType "swiss"]
[EventCountry "URU"]
[SourceTitle "playchess.com"]
[Source "ChessBase"]
[SourceQuality "1"]
[TimeControl "5400+30"]

1. d4 Nf6 2. c4 g6 3. Nf3 Bg7 4. g3 O-O 5. Bg2 d6 6. Nc3 Nc6 7. O-O Bf5 8. d5 Na5 9. Nd2 c5 {[%emt 0:01:05] 9...c6 is vanishing.} 10. e4 Bd7 11. Qc2 {[%emt 0:00:00] E62: King's Indian: Fianchetto: 6...c6 and Panno Variation (6...Nc6) without ...a6.} e6 12. b3 exd5 13. cxd5 {[%emt 0:00:00] White is slightly better.} (13. exd5 Bf5 14. Qd1 Nxd5 15. Nxd5 Bxa1 $15) 13... Re8 14. Bb2 b5 15. Nd1 Rc8 16. Rb1 Qc7 17. Ne3 a6 18. h3 c4 $146 (18... Qd8 19. Bc3 Bh6 20. Rfe1 Nb7 21. Kh2 a5 22. f4 Nh5 23. Ba1 Nxf4 24. gxf4 Bxf4+ {0-1 Moser,A (2160)-Mensing,A (2028) Prague op 23rd 2025 (8)}) 19. Rfc1 Qa7 (19... Nb7 $14) 20. b4 c3 21. Bxc3 $16 Ng4 22. hxg4 ({Better is} 22. Qd3 $16 Nxe3 23. Bxg7 (23. bxa5 Nd1 $17) (23. fxe3 Rxc3 24. Rxc3 Bxc3 $11) 23... Kxg7 24. bxa5 (24. fxe3 Nc4 $14) 24... Nxg2 25. Kxg2) 22... Rxc3 $11 23. Qd1 (23. Qxc3 $11 Bxc3 24. Rxc3) 23... Rxe3 $1 $17 24. fxe3 Qxe3+ 25. Kh2 {[%emt 0:00:00] [#]} Be5 $1 {[%emt 0:01:10] Black has a strong bishop and is better} 26. Nf1 (26. Nf3 Nc4) 26... Qh6+ {[%emt 0:03:26][%mdl 1024] Black has strong compensation.} 27. Bh3 Nc4 28. Qf3 Bd4 {[%emt 0:03:07] A strong pair of Bishops.} (28... Na3 $142 29. Rc7 (29. Qxa3 $2 Bxg4 30. Qe3 Qxh3+ 31. Kg1 Bg7 $19) 29... Nxb1 30. Rxd7 Qf8 (30... Rf8 $2 31. Qd1 $19)) 29. Kg2 Ne5 {[%emt 0:00:40][%csl Oe5] Strong Square Black (e5)} 30. Qd1 (30. Qe2 $1 $15) 30... Bb6 31. Qd2 Qg7 (31... Nxg4 $2 32. Qxh6 Nxh6 33. Bxd7 $18) ({Black should play} 31... g5 $17 32. Qe2 Nc4) 32. g5 $11 Bxh3+ 33. Kxh3 f5 34. exf5 Qd7 35. Kg2 $1 Qxf5 36. Qf4 {[%emt 0:01:12] Prevents Qe4+} (36. Qe2 $1 $11) 36... Qd3 $17 37. Re1 {[%emt 0:01:23] Prevents Qe2+} Rf8 $1 (37... Qxd5+ 38. Qe4 Qxa2+ 39. Re2 $14) 38. Qe4 Rf2+ 39. Kh3 {[%emt 0:00:12] Threatens to win with Qxd3.} Qa3 (39... Qf3 $1 $17 {Hoping for ...Nf7.} 40. Qxf3 Nxf3 41. Re8+ Kf7) 40. Re2 $1 $16 Rf8 (40... Rxe2 $16 41. Qxe2 Nf7) 41. Nh2 (41. Nd2 $18 {has better winning chances.}) 41... Bf2 42. Qg2 (42. Rb3 $1 $16 {[%cal Rb3a3] keeps the pressure on.} Qc1 43. Rc2 Qxg5 44. Kg2) 42... Bb6 $4 {[%emt 0:01:11][%mdl 8192] [#]} (42... Qd3 $19 {and life is good for Black. ( -> ...Qf5+)} 43. Rxf2 Rxf2 (43... Qxb1 44. Qf1 $17) 44. Qxf2 Qxb1) 43. Rxe5 dxe5 $11 44. Ng4 {[%emt 0:00:11] Dodges Qe3} Qd3 {[%emt 0:00:43] Prevents Qe4.} 45. Re1 Bd4 {[%emt 0:00:42] [#]} (45... Bc7 $11) 46. d6 $1 $36 {[%emt 0:00:21][%mdl 2048] White has strong initiative.} (46. Nxe5 Qf5+ 47. g4 Qxg5 $19) 46... Bc3 $2 (46... Qf5 47. Qd5+ Kh8) 47. Re3 $18 (47. Nxe5 $2 Qxd6 48. Nxg6 Qd7+ (48... Bxe1 $2 49. Nxf8 Bxb4 50. Qa8 $19) (48... Qxg6 $2 49. Qd5+ Qf7 50. Re6 $19) (48... hxg6 $2 49. Re4 $19) 49. Kh2 hxg6 $19 (49... Bxe1 $2 50. Nxf8 Qe7 51. a4 $19)) 47... Qd4 48. Qb7 {[%emt 0:00:55] White mates.} (48. Rxe5 Qxd6 (48... Bxb4 $2 {is the wrong capture.} 49. Re4 $18) 49. Rc5 Bg7 $14) 48... Bxb4 49. Nf6+ ({Weaker is} 49. Qxa6 Qd1 $14) 49... Rxf6 50. gxf6 {[%emt 0:00:01] A wild game.   Weighted Error Value: White=0.38/Black=0.62  Loses game:     	White=1     	---        Missed win:     	White=1     	Black=1      Mistake:       	White=5     	Black=9      Inaccurate:     	White=3     	Black=4      OK:         	White=12    	Black=5      Best:        	White=5     	Black=3      Strong:       	White=3     	Black=2} 1-0

[Event "8th Montevideo Open 2025"]
[Site "Montevideo"]
[Date "2025.02.06"]
[Round "6.10"]
[White "Kulik, Nicolas"]
[Black "Estrada Nieto, Julian"]
[Result "1-0"]
[Annotator "TA"]
[ECO "C92"]
[WhiteElo "1922"]
[BlackElo "2195"]
[PlyCount "151"]
[EventDate "2025.02.01"]
[EventType "swiss"]
[EventCountry "URU"]
[SourceTitle "playchess.com"]
[Source "ChessBase"]
[SourceQuality "1"]
[TimeControl "5400+30"]

1. e4 e5 2. Nf3 Nc6 3. Bb5 a6 4. Ba4 Nf6 5. O-O Be7 6. Re1 b5 7. Bb3 d6 8. c3 O-O 9. h3 Bb7 10. d4 Re8 11. Nbd2 Bf8 12. a4 h6 13. Bc2 exd4 14. cxd4 Nb4 15. Bb1 c5 16. d5 Nd7 17. Ra3 c4 18. Nd4 $1 {[%emt 0:00:03][%mdl 4] outshines the older 18.axb5.} Qf6 19. N2f3 {[%emt 0:00:09] C92: Closed Ruy Lopez: 9...Be6, Karpov and Flohr-Zaitsev Variations.} Nc5 20. Ree3 bxa4 (20... Nbd3 $11) 21. Rac3 $14 {[%emt 0:18:14] White is slightly better.} Nbd3 22. Rxc4 Nxc1 23. Qxc1 g6 $146 (23... Rac8 24. Bc2 g6 25. Nc6 Bxc6 26. dxc6 h5 {½-½ Sokolov,A (2605)-Karpov,A (2750) World Cup Rotterdam 1989}) 24. Qc2 h5 (24... Rac8 $14) 25. b4 $16 axb3 26. Nxb3 Nxb3 27. Rxb3 {[%emt 0:00:12] White has strong rooks and is better} Bc8 (27... Ra7 $16) 28. Rc7 $1 $18 a5 {[%emt 0:07:46] Black is weak on the light squares} 29. Qc6 Qd8 30. e5 $1 (30. Rxf7 Ra6 31. Rxf8+ (31. Qc7 Be7 $11) 31... Rxf8 $11) 30... Ra6 31. Qc1 dxe5 32. Rb8 Bh6 33. Qc4 ({Weaker is} 33. Qxh6 Qxc7 34. Ng5 e4 (34... Qxb8 35. Qh7+ Kf8 36. Qxf7#) (34... Qc1+ 35. Kh2 $11) 35. Qh7+ Kf8 $11) (33. Rcxc8 Bxc1 34. Rxd8 Rxd8 35. Rxd8+ Kg7 36. Nxe5 (36. Bd3 Ra7 $18) 36... Rb6) 33... Qf6 (33... Qd6 $142 34. Rcxc8 (34. Rbxc8 Rxc8 35. Rxc8+ Bf8 $18) 34... Qxb8 35. Rxb8 Rxb8) 34. Rcxc8 Rf8 35. Rxf8+ Bxf8 36. Qc8 Qd6 {[%emt 0:00:53] [#]} 37. Nxe5 $1 Ra7 (37... Rb6 38. Qxf8+) 38. Nc6 Rd7 39. Nxa5 (39. g3 $142 a4 40. Qe8) 39... Rc7 {[%emt 0:00:31] [#]} 40. Qxf8+ Qxf8 41. Rxf8+ Kxf8 42. Nc6 Rb7 43. Be4 f5 44. Bf3 Rb1+ 45. Kh2 Rb2 46. Ne5 Kg7 47. Kg3 Rd2 48. h4 Kf6 49. Nc6 g5 $2 (49... Rb2 50. Nd8 (50. d6 Rd2 $16) 50... Ke5) 50. hxg5+ $1 Kxg5 51. Nd8 h4+ 52. Kh3 Rxf2 53. Ne6+ (53. Nb7 $142 Rf1 54. Kh2) 53... Kf6 54. Kxh4 Rd2 55. Nf4 Rd4 56. Kg3 Ke5 57. Ng6+ Kf6 58. Nf4 Ke5 59. Ne2 Rc4 60. Kf2 f4 $2 (60... Rb4 61. Nc3 Rb3) 61. Kg1 $2 (61. Ke1 $1 $18 {is the precise move to win.} Rc2 62. Kd1) 61... Rc7 $16 62. Kf2 $2 (62. Bh5 $16) 62... Rc4 $18 63. Ke1 $1 Rc2 {[%emt 0:01:32] [#]} 64. Kd1 $1 Rb2 {[%emt 0:00:40] [#]} 65. Kc1 $1 Ra2 66. Nc3 Ra5 67. Kd2 Ra3 68. Kd3 Ra8 {[%emt 0:00:24] [#]} 69. d6 $1 Rb8 (69... Rf8 70. d7) 70. d7 Kf5 71. Kd4 {[%emt 0:00:00] White wants to mate with Kd5.} Rd8 72. Bc6 Ke6 73. Kc5 {[%emt 0:00:00] Ne2 would now be deadly.} Ke7 74. Nd5+ Kf7 75. Kd6 Rh8 76. Kc7 {[%emt 0:00:00] Weighted Error Value: White=0.57/Black=0.62  Loses game:     	---       	Black=1      Missed win:     	White=1     	---        Mistake:       	---       	Black=5      Inaccurate:     	---       	Black=1      OK:         	White=8     	Black=9      Best:        	White=6     	Black=5      Strong:       	White=4     	---} 1-0

[Event "8th Montevideo Open 2025"]
[Site "Montevideo"]
[Date "2025.02.05"]
[Round "6.11"]
[White "Bauza, Alejandro"]
[Black "Komarov, Leonid"]
[Result "1/2-1/2"]
[Annotator "NA RC"]
[ECO "A11"]
[WhiteElo "2116"]
[BlackElo "1956"]
[PlyCount "41"]
[EventDate "2025.02.01"]
[EventType "swiss"]
[EventCountry "URU"]
[SourceTitle "playchess.com"]
[Source "ChessBase"]
[SourceQuality "1"]
[TimeControl "5400+30"]

1. Nf3 Nf6 2. g3 d5 3. Bg2 Bf5 4. c4 c6 5. cxd5 cxd5 6. Qb3 Qb6 7. Qxb6 axb6 8. Nc3 e6 9. d3 Bc5 10. Nb5 O-O 11. O-O Nc6 12. Bf4 h6 13. Nd6 Bg4 14. Nxb7 Nd4 15. Nxd4 Bxd4 16. e3 Bxb2 17. Rab1 Rxa2 18. f3 Bf5 19. Rf2 Ra7 20. Rfxb2 Rxb7 21. e4 1/2-1/2

[Event "8th Montevideo Open 2025"]
[Site "Montevideo"]
[Date "2025.02.06"]
[Round "6.12"]
[White "Melani, Mauro"]
[Black "Carvalho, Guillermo"]
[Result "1/2-1/2"]
[Annotator "NA RC"]
[ECO "B05"]
[WhiteElo "1914"]
[BlackElo "2094"]
[PlyCount "127"]
[EventDate "2025.02.01"]
[EventType "swiss"]
[EventCountry "URU"]
[SourceTitle "playchess.com"]
[Source "ChessBase"]
[SourceQuality "1"]
[TimeControl "5400+30"]

1. e4 Nf6 2. e5 Nd5 3. d4 d6 4. c4 Nb6 5. exd6 exd6 6. Nc3 Nc6 7. Be3 Be7 8. Be2 O-O 9. Nf3 Bg4 10. b3 Bf6 11. O-O Re8 12. Qd2 Ne7 13. Ne4 Ng6 14. Nxf6+ Qxf6 15. h3 Bf5 16. Bg5 Qe6 17. Rfe1 Qd7 18. Qa5 h6 19. Bd2 a6 20. Rad1 Rad8 21. Be3 Qc8 22. d5 Nd7 23. Nd4 Be4 24. Bc1 Ngf8 25. Bg4 Bg6 26. Qc3 Rxe1+ 27. Rxe1 Re8 28. Re3 Rxe3 29. Qxe3 Qd8 30. f4 Nf6 31. Bf3 Bb1 32. a3 Ng6 33. g3 Qe7 34. Qxe7 Nxe7 35. Bb2 Ne4 36. g4 Nc5 37. Bc1 Ba2 38. Bd1 Bb1 39. Kg2 Be4+ 40. Kg3 c6 41. dxc6 bxc6 42. Bd2 Bb1 43. Kf3 Ne4 44. Be1 c5 45. Ne2 d5 46. Nc3 Nxc3 47. Bxc3 dxc4 48. bxc4 Nc8 49. Ke3 Ba2 50. Be5 Nb6 51. Be2 Nxc4+ 52. Ke4 Nxa3 53. Bxa6 Nc4 54. Bc7 Nd2+ 55. Kd3 Nf3 56. Kc3 Nd4 57. Bd6 Ne6 58. h4 Bd5 59. f5 Nf8 60. Bxc5 Bf3 61. g5 hxg5 62. hxg5 Bg4 63. Bc8 g6 64. Bxf8 1/2-1/2

[Event "8th Montevideo Open 2025"]
[Site "Montevideo"]
[Date "2025.02.06"]
[Round "6.13"]
[White "Meza, Anahi"]
[Black "Balseca Moreno, Diego"]
[Result "1-0"]
[Annotator "TA"]
[ECO "E91"]
[WhiteElo "2038"]
[BlackElo "2269"]
[PlyCount "63"]
[EventDate "2025.02.01"]
[EventType "swiss"]
[EventCountry "URU"]
[SourceTitle "playchess.com"]
[Source "ChessBase"]
[SourceQuality "1"]
[TimeControl "5400+30"]

1. d4 Nf6 2. c4 g6 3. Nc3 Bg7 4. e4 d6 5. Be2 O-O 6. Nf3 Bg4 7. O-O Nfd7 8. Be3 Nc6 9. Ne1 Bxe2 10. Nxe2 e5 11. d5 {E91: King's Indian: Classical: 6 Be2, unusual replies including 6...c5 and 6...Bg4.} Ne7 12. Nc3 f5 {[%emt 0:00:30] White has space advantage and is better} 13. f3 {[%emt 0:00:30] White is slightly better.} Kh8 14. Nd3 Ng8 15. c5 Ndf6 16. Rc1 $146 (16. Nf2 Bh6 17. Bxh6 Nxh6 18. Qd2 Nf7 19. cxd6 cxd6 20. Rac1 a6 21. Qd3 f4 22. Rc2 {1-0 Plachkinova,T (2149)-Danieli,E (2119) Genova op 6th 2002 (2)}) 16... Bh6 17. Qd2 Bxe3+ 18. Qxe3 f4 19. Qf2 Nh5 (19... g5 $14) 20. cxd6 cxd6 21. Nb5 Rf7 {[%emt 0:01:00] Dodges Nc7} 22. Rc2 {[%emt 0:00:00][%cal Of1c1,Bc1c2,Bc2c7,Bc7b7][%mdl 32] White has more active pieces.} (22. Nxa7 $5 g5 23. Nb5 $16) 22... a6 23. Na3 Qg5 (23... b5 $11 {keeps the balance.}) 24. Rfc1 $36 {[%emt 0:00:30][%mdl 2048] [#] White plays on the queen side and is better White is really pushing.} Rf6 $2 {[%emt 0:00:30][%mdl 8192] A mistake that costs the game.} (24... Qd8 $16 {is a better chance.}) 25. Rc7 $18 Ng3 26. Rxb7 ({Not} 26. hxg3 fxg3 27. Qb6 Raf8 $18) 26... Rff8 27. Rcc7 Nf6 28. Nc4 {[%emt 0:00:30][%cal Oc4d6] [#] Nxd6! is the strong threat.} Rfd8 29. hxg3 fxg3 30. Qe3 Qh4 31. Ne1 h5 32. Qh6+ {[%emt 0:02:00] Weighted Error Value: White=0.16 (very precise) /Black=1.10  Loses game:     	---       	Black=1      Mistake:       	---       	Black=2      Inaccurate:     	White=4     	Black=4      OK:         	White=5     	Black=6      Best:        	---       	Black=1} 1-0

[Event "8th Montevideo Open 2025"]
[Site "Montevideo"]
[Date "2025.02.06"]
[Round "6.14"]
[White "Volpe, Agustin"]
[Black "Manteiga, Franco"]
[Result "0-1"]
[Annotator "TA"]
[ECO "E11"]
[WhiteElo "1873"]
[BlackElo "2029"]
[PlyCount "92"]
[EventDate "2025.02.01"]
[EventType "swiss"]
[EventCountry "URU"]
[SourceTitle "playchess.com"]
[Source "ChessBase"]
[SourceQuality "1"]
[TimeControl "5400+30"]

1. d4 Nf6 2. c4 e6 3. Nf3 Bb4+ 4. Bd2 Qe7 5. a3 Bxd2+ 6. Qxd2 d6 7. Nc3 Nbd7 {[%emt 0:00:00] E11: Bogo-Indian.} 8. Nb5 $146 (8. e4 $14) (8. e4 e5 9. d5 a5 10. Bd3 Nc5 11. Bc2 Bg4 12. Qe3 a4 13. O-O O-O 14. Ne1 Bd7 15. Nd3 {0-1 Hubbard,A (2109)-Filgueira,H (2283) Titled Tuesday intern op 02nd Apr Late blitz 2024 (8)}) 8... Nb6 $11 9. e3 c6 {[%emt 0:00:00] The position is equal.} 10. Nc3 (10. Nxd6+ $5 Qxd6 11. c5 $11) 10... e5 11. dxe5 dxe5 12. Rd1 Bg4 13. h3 Bxf3 14. gxf3 O-O 15. Qd6 Qxd6 16. Rxd6 Rad8 17. Rxd8 Rxd8 18. Be2 Kf8 19. Rg1 g6 20. Rg5 Nbd7 21. Kd2 h6 22. Rg2 Nc5+ 23. Kc2 Ne6 24. Rg1 Ke7 25. b4 Ne8 26. Rg2 Nd6 27. Rg1 Nf5 $36 {[%emt 0:00:00][%mdl 2048] White is under pressure.} 28. Ne4 $2 {[%emt 0:00:00][%mdl 8192] [#] This costs White the game.} (28. a4 $15) 28... Nfd4+ $1 $19 29. exd4 Nxd4+ 30. Kb2 Nxe2 {[%emt 0:00:00][%mdl 4096] Endgame KRN-KRN. Black is a pawn up.} 31. Re1 Nf4 32. Kc2 {[%emt 0:00:30] Prevents Nd3} f5 (32... Nxh3 33. Nc5 b6 (33... Nxf2 34. Nxb7 Rd3 35. Rxe5+ Kf6 36. Rc5 $19) 34. Nd3 $19) 33. Nc5 b6 ({Stronger than} 33... Nxh3 34. Rxe5+ Kf6 35. Re6+ Kf7 36. Nxb7 $15) 34. Nb3 Kf6 (34... Nxh3 35. Rxe5+ Kf6 36. Re3) 35. Nc1 g5 (35... Nxh3 36. Nd3 $19) 36. Rh1 Ng6 ({Don't do} 36... Rd4 37. c5 $19) 37. Ne2 Nh4 {[%emt 0:00:00] Black is clearly winning.} 38. a4 (38. f4 $142) 38... Nxf3 {[%emt 0:00:00] [#]} 39. Kc3 Rd2 40. Nc1 Rxf2 41. Nb3 Rh2 42. Rd1 Rxh3 {[%emt 0:00:00] Hoping for ...Nd4+.} 43. Rd7 Nd4+ 44. Kd2 Nxb3+ 45. Kc2 Nd4+ 46. Kd2 g4 {[%emt 0:00:00] Weighted Error Value: White=0.70/Black=0.06 (flawless)   Loses game:     	White=1     	---        Mistake:       	White=2     	---        Inaccurate:     	White=4     	Black=1      OK:         	White=12    	Black=17     Best:        	White=3     	---} 0-1

[Event "8th Montevideo Open 2025"]
[Site "Montevideo"]
[Date "2025.02.06"]
[Round "6.15"]
[White "Miller, Ariel"]
[Black "Guerrero, Alvaro"]
[Result "1-0"]
[Annotator "NA RC"]
[ECO "B12"]
[WhiteElo "1835"]
[BlackElo "2028"]
[PlyCount "63"]
[EventDate "2025.02.01"]
[EventType "swiss"]
[EventCountry "URU"]
[SourceTitle "playchess.com"]
[Source "ChessBase"]
[SourceQuality "1"]
[TimeControl "5400+30"]

1. e4 c6 2. d4 d5 3. e5 Bf5 4. g4 Bd7 5. Be3 h5 6. gxh5 Nh6 7. Nd2 Nf5 8. Qf3 c5 9. Nb3 Nxe3 10. fxe3 e6 11. Be2 Nc6 12. O-O-O Rh6 13. Rf1 f5 14. exf6 Rxf6 15. Qg3 cxd4 16. exd4 Rxf1+ 17. Bxf1 Qf6 18. Qg6+ Kd8 19. Qxf6+ gxf6 20. Ne2 Rc8 21. Rg1 Be8 22. Rg8 Ke7 23. Rh8 Nd8 24. Nf4 Kf7 25. h6 Bd6 26. Nh5 Ke7 27. h7 Bd7 28. Re8+ Bxe8 29. h8=Q f5 30. Qf6+ Kd7 31. Bb5+ Nc6 32. Ng7 1-0

[Event "8th Montevideo Open 2025"]
[Site "Montevideo"]
[Date "2025.02.06"]
[Round "6.16"]
[White "Pichuaga, Juan Pablo"]
[Black "Errazola, Mauricio"]
[Result "1/2-1/2"]
[Annotator "NA RC"]
[ECO "E14"]
[WhiteElo "1973"]
[BlackElo "1891"]
[PlyCount "50"]
[EventDate "2025.02.01"]
[EventType "swiss"]
[EventCountry "URU"]
[SourceTitle "playchess.com"]
[Source "ChessBase"]
[SourceQuality "1"]
[TimeControl "5400+30"]

1. d4 Nf6 2. c4 e6 3. a3 b6 4. Nc3 Bb7 5. Nf3 Be7 6. e3 O-O 7. Be2 d5 8. cxd5 Nxd5 9. Bd2 Nd7 10. O-O c5 11. Nxd5 Bxd5 12. dxc5 Nxc5 13. Bc3 Bf6 14. Bxf6 Qxf6 15. b4 Ne4 16. Qd4 Nc3 17. Rfe1 Nxe2+ 18. Rxe2 Bxf3 19. Qxf6 gxf6 20. gxf3 Rac8 21. b5 Rc5 22. Rb2 Rfc8 23. f4 Kf8 24. Raa2 Ke7 25. Kg2 f5 1/2-1/2

[Event "8th Montevideo Open 2025"]
[Site "Montevideo"]
[Date "2025.02.06"]
[Round "6.17"]
[White "Martello, Benjamin"]
[Black "Pena Canapa, Alfredo"]
[Result "1-0"]
[Annotator "NA RC"]
[ECO "A12"]
[WhiteElo "1968"]
[BlackElo "1862"]
[PlyCount "115"]
[EventDate "2025.02.01"]
[EventType "swiss"]
[EventCountry "URU"]
[SourceTitle "playchess.com"]
[Source "ChessBase"]
[SourceQuality "1"]
[TimeControl "5400+30"]

1. Nf3 d5 2. b3 Nf6 3. Bb2 g6 4. c4 c6 5. e3 Bg7 6. Be2 O-O 7. O-O a5 8. Nc3 Re8 9. d4 Bf5 10. Re1 Nbd7 11. Nh4 Be6 12. Qc2 Nb6 13. c5 Nbd7 14. Na4 Bh6 15. Bd3 Qc7 16. a3 Nf8 17. Nb6 Ra7 18. b4 axb4 19. axb4 Rxa1 20. Rxa1 Rb8 21. Ra7 N8d7 22. Na4 Qd8 23. b5 cxb5 24. Bxb5 Ne4 25. Nc3 f5 26. Nf3 Bg7 27. Nd2 Qc8 28. f3 Nxc3 29. Bxc3 Nxc5 30. Bb4 Na6 31. Qxc8+ Bxc8 32. Bxe7 Bf8 33. Bf6 Bd6 34. f4 Nc7 35. Bd3 Kf7 36. Bh4 Ra8 37. Rxa8 Nxa8 38. Nb1 Bb4 39. Kf1 Ke6 40. Be1 Bxe1 41. Kxe1 Bd7 42. Kd2 Kd6 43. Kc3 Kc7 44. Kb4 Bc6 45. Nd2 Bd7 46. Nf3 b6 47. Ng5 h5 48. Nf7 Be8 49. Ne5 Kb7 50. Bb5 Bxb5 51. Kxb5 Nc7+ 52. Ka4 Ka6 53. Nxg6 b5+ 54. Kb4 Kb6 55. Ne7 Na6+ 56. Kb3 Nc7 57. Nxf5 Ka5 58. Ne7 1-0

[Event "8th Montevideo Open 2025"]
[Site "Montevideo"]
[Date "2025.02.06"]
[Round "6.18"]
[White "Varela, Mateo"]
[Black "Diaz Delograsi, Francisco"]
[Result "1-0"]
[Annotator "NA RC"]
[ECO "B90"]
[WhiteElo "1955"]
[BlackElo "1846"]
[PlyCount "33"]
[EventDate "2025.02.01"]
[EventType "swiss"]
[EventCountry "URU"]
[SourceTitle "playchess.com"]
[Source "ChessBase"]
[SourceQuality "1"]
[TimeControl "5400+30"]

1. e4 c5 2. Nf3 d6 3. d4 cxd4 4. Nxd4 Nf6 5. Nc3 a6 6. Be3 Ng4 7. Bg5 h6 8. Bh4 g5 9. Bg3 Bg7 10. Be2 Ne5 11. Qd2 Nbc6 12. Nxc6 bxc6 13. O-O Be6 14. Rfd1 Qa5 15. a3 O-O 16. Nd5 Qd8 17. Nc3 1-0

[Event "8th Montevideo Open 2025"]
[Site "Montevideo"]
[Date "2025.02.06"]
[Round "6.19"]
[White "Delgado, Nazareno"]
[Black "Cayetano, Juan"]
[Result "0-1"]
[Annotator "NA RC"]
[ECO "C18"]
[WhiteElo "1819"]
[BlackElo "1940"]
[PlyCount "84"]
[EventDate "2025.02.01"]
[EventType "swiss"]
[EventCountry "URU"]
[SourceTitle "playchess.com"]
[Source "ChessBase"]
[SourceQuality "1"]
[TimeControl "5400+30"]

1. e4 e6 2. d4 d5 3. Nc3 Bb4 4. e5 c5 5. a3 Ba5 6. b4 cxd4 7. Nb5 Bc7 8. Nf3 Nc6 9. Nxc7+ Qxc7 10. Bb5 Bd7 11. Bxc6 Qxc6 12. Bb2 Rc8 13. Nxd4 Qc4 14. Qd3 Ne7 15. O-O Nf5 16. Nxf5 exf5 17. Qxc4 Rxc4 18. c3 Ke7 19. Rad1 Ke6 20. Rfe1 Rhc8 21. f3 Ba4 22. Rd2 g5 23. Kf2 g4 24. Re3 gxf3 25. Kxf3 Rh4 26. g3 Rh6 27. Rd4 Rxh2 28. Bc1 Bc2 29. Rd2 Be4+ 30. Kf4 Rxd2 31. Bxd2 Rg8 32. Rxe4 dxe4 33. Be1 Rg4+ 34. Ke3 Kd5 35. Bf2 Kc4 36. Be1 b5 37. Bf2 Kxc3 38. Ke2 Kb3 39. Bxa7 Kxa3 40. Bc5 Rxg3 41. Bd6 Rf3 42. Bc5 h5 0-1